Map: Whirlwind LE (Void)

Players

Scarlett

  • Race: Zerg Zerg
  • Spawn Location: 1:00

Elazer - Winner!

  • Race: Zerg Zerg
  • Spawn Location: 7:00

Event: WESG 2016 Finals

VOD

Have the link to the VOD?

Description

Time

  • Played on: Jan. 13, 2017, 5:20 a.m.
  • Length: 7:50

All games in this series

Show
View Real Time Build Order
Export as new Build Order

Scarlett Zerg 

Build Orders: Hatch First 

Get SALT Encoding   

  12  0:00  Drone  
  13  0:12  Overlord  
  13  0:17  Drone  
  14  0:30  Drone x2  
  16  0:36  Drone  
  17  0:51  Hatchery  
  17  0:54  Drone  
  17  0:57  Drone  
  17  1:03  Extractor  
  17  1:12  Spawning Pool  
  17  1:16  Drone  
  17  1:18  Drone  
  18  1:29  Drone  
  19  1:38  Overlord  
  19  1:51  Drone  
  20  1:58  Queen  
  20  2:00  Drone  
  23  2:03  Metabolic Boost, Queen  
  23  2:06  Zergling x2  
  26  2:15  Drone x2  
  28  2:23  Zergling x2  
  28  2:25  Zergling x2  
  30  2:34  Evolution Chamber, Queen  
  30  2:36  Drone  
  32  2:47  Overlord  
  32  2:48  Drone x2  
  33  3:00  Drone x2, Zerg Melee Weapons Level 1  
  33  3:03  Baneling Nest  
  34  3:06  Drone x2  
  34  3:10  Drone  
  34  3:12  Zergling x2  
  38  3:17  Zergling x6  
  41  3:20  Zergling x2  
  35  3:36  Zergling x6  
  35  3:41  Drone x2  
  37  3:47  Drone  
  38  3:49  Drone  
  38  3:50  Drone x3  
  38  3:54  Baneling  
  42  3:58  Drone  
  42  4:02  Overlord  
  42  4:18  Baneling x2  
  42  4:20  Zergling x4  
  42  4:22  Hatchery  
  43  4:30  Zergling x8  
  47  4:37  Zergling x8  
  51  4:48  Baneling  
  51  4:49  Baneling x2  
  51  4:50  Zergling x2  
  52  4:54  Zerg Ground Armor Level 1  
  52  4:57  Drone x2  
  52  5:02  Baneling  
  52  5:05  Overlord  
  52  5:12  Overlord  
  50  5:20  Zergling x4  
  41  5:29  Zergling x2  
  41  5:33  Zergling x14  
  47  5:36  Zergling x2  
  47  5:40  Lair  
  47  5:42  Extractor x2  
  46  5:44  Zergling x8  
  46  5:48  Zergling x2  
  51  5:51  Drone  
  52  5:59  Drone  
  52  6:00  Drone  
  52  6:02  Drone  
  55  6:06  Drone  
  55  6:07  Drone x4  
  55  6:10  Roach Warren  
  59  6:13  Zergling x10  
  59  6:14  Zergling x2  
  64  6:20  Drone x3  
  67  6:28  Spine Crawler  
  67  6:29  Zergling x2  
  67  6:35  Zergling x8  
  66  6:45  Zergling x2  
  64  6:50  Roach x4  
  64  6:54  Overlord  
  72  6:58  Overlord  
  72  6:59  Roach  
  74  7:06  Overlord  
  74  7:09  Overlord  
  74  7:14  Roach x3  
  79  7:23  Overlord  
  79  7:24  Roach  
  79  7:25  Roach x2  
Show
View Real Time Build Order
Export as new Build Order

Elazer Zerg - Winner!

Build Orders: Pool First 

Get SALT Encoding   

  12  0:00  Drone  
  13  0:12  Overlord  
  13  0:17  Drone  
  14  0:30  Drone  
  14  0:31  Drone  
  14  0:34  Drone  
  17  0:44  Drone, Extractor  
  17  0:48  Spawning Pool  
  16  0:55  Drone  
  17  1:07  Drone  
  18  1:18  Hatchery  
  17  1:20  Drone  
  18  1:34  Queen  
  18  1:35  Zergling x2  
  21  1:45  Metabolic Boost  
  21  1:48  Overlord  
  21  1:52  Drone  
  22  2:07  Drone  
  23  2:09  Baneling Nest  
  23  2:12  Queen  
  24  2:15  Drone  
  25  2:27  Zergling x2  
  26  2:31  Zergling x2  
  26  2:34  Zergling x2  
  28  2:43  Zergling x6  
  31  2:47  Zergling x2  
  32  2:54  Baneling x2  
  32  2:58  Overlord  
  32  3:01  Drone x2  
  32  3:02  Drone  
  35  3:07  Drone  
  36  3:18  Drone x2  
  38  3:22  Drone  
  38  3:27  Drone, Hatchery  
  38  3:28  Drone  
  38  3:30  Overlord  
  37  3:36  Drone  
  37  3:37  Drone  
  37  3:42  Zergling x6  
  37  3:48  Queen  
  41  3:51  Zergling x2  
  42  3:57  Zergling x6  
  42  3:59  Drone  
  42  4:02  Overlord  
  47  4:10  Drone x2  
  45  4:17  Baneling x2  
  45  4:19  Zergling x6  
  45  4:20  Zergling x2  
  45  4:21  Drone  
  50  4:24  Overlord  
  50  4:38  Zergling x2  
  48  4:42  Overlord  
  48  4:45  Extractor, Roach Warren, Zergling x10  
  50  4:47  Baneling x2  
  50  4:49  Queen  
  50  4:51  Drone x2  
  50  4:52  Drone  
  54  5:03  Overlord  
  54  5:05  Baneling  
  53  5:09  Extractor  
  52  5:21  Overlord  
  44  5:29  Roach x6  
  55  5:39  Overlord  
  55  5:40  Roach x3  
  61  5:46  Roach  
  63  5:51  Roach x2  
  67  5:59  Roach x2  
  67  6:01  Roach  
  72  6:06  Roach x2  
  72  6:10  Roach  
  78  6:11  Zergling x8  
  78  6:12  Zergling x2  
  78  6:17  Baneling x2  
  78  6:18  Zergling x4  
  85  6:23  Zergling x4  
  87  6:36  Zergling x12  
  85  6:44  Zergling x2  
  85  6:45  Zergling x6  
  87  6:52  Zergling x6  
  90  6:55  Baneling x2  
  90  6:56  Baneling  
  90  7:00  Zergling x4  
  92  7:02  Baneling  
  92  7:03  Baneling  
  92  7:13  Zergling x10  
  97  7:22  Baneling x4  
  94  7:32  Zergling x12  
  93  7:48  Ravager x2  
Tags
 
Add a new tag
Caveats
  • Supply blocks, unpowered buildings, or Contaminate may cause inaccurate times.
  • Supply counts are checked every 10 seconds.